 Dungeon Crawl Stone Soup version 0.30-a0-691-g754fce4c43 (webtiles) character file.

Game seed: 1267174103856313286

810 garrulousMonolith the Shooter (level 7, -2/56 (61) HPs)
             Began as a Minotaur Hunter on Jan 19, 2023.
             Slain by a wight
             ... wielding a +4 morningstar of freezing
              (7 damage)
             ... on level 6 of the Dungeon.
             The game lasted 00:07:15 (4444 turns).

garrulousMonolith the Shooter (Minotaur Hunter)     Turns: 4444, Time: 00:07:16

HP:   -2/56 (61)    AC: 11    Str: 15    XL:     7   Next: 61%
MP:   6/6           EV:  8    Int:  6    God:
Gold: 192           SH:  0    Dex: 16    Spells: 6/6 levels left

rFire   . . .      SeeInvis .    a - +2 sling (elec)
rCold   . . .      Faith    .    (no shield)
rNeg    . . .      Spirit   .    w - +0 chain mail
rPois   .          Reflect  .    (helmet restricted)
rElec   .          Harm     .    r - +0 cloak
rCorr   .          Rampage  .    s - +0 pair of gloves
Will    .....                    o - +0 pair of boots Stlth
                                 (no amulet)
HPRegen 0.29/turn                (no ring)
MPRegen 0.10/turn                (no ring)

@: about to teleport, drained
A: horns 2, retaliatory headbutt
a: no special abilities


You were on level 6 of the Dungeon.
You visited 1 branch of the dungeon, and saw 6 of its levels.

You collected 192 gold pieces.

Inventory:

Hand Weapons
 a - a +2 sling of electrocution (weapon)
 b - a +0 spear
 i - a +0 eveningstar
 t - a +0 battleaxe
 u - a +2 arbalest of electrocution
Armour
 o - a +0 pair of boots (worn)
 r - a +0 cloak (worn)
 s - a +0 pair of gloves (worn)
 v - a +0 scale mail
 w - a +0 chain mail (worn)
Wands
 c - a wand of paralysis (7)
Scrolls
 e - a scroll of amnesia
 h - a scroll of teleportation
 j - 2 scrolls of blinking
 k - 4 scrolls of immolation
 l - a scroll of enchant weapon {unknown}
 n - 2 scrolls of enchant armour
 p - a scroll of vulnerability {unknown}
Potions
 d - 2 potions of cancellation
 f - a potion of curing {unknown}
 g - 3 potions of lignification
 q - a potion of brilliance


   Skills:
 + Level 5.4 Fighting
 * Level 6.5 Ranged Weapons
 + Level 1.3 Armour
 + Level 4.9 Dodging
 + Level 3.7 Stealth


You had 6 spell levels left.
You didn't know any spells.
Your spell library contained the following spells:

 Spells                   Type           Power      Damage    Failure   Level
 Call Canine Familiar     Summ           0%         N/A       100%        3
 Portal Projectile        Hex/Tloc       0%         N/A       100%        3
 Leda's Liquefaction      Hex/Erth       0%         N/A       100%        4


Dungeon Overview and Level Annotations

Branches:
Dungeon (6/15)
 Temple: D:4-7

Altars:
Fedhas
Nemelex Xobeh
Ru

Annotations:
D:3 1 runed translucent door, Crazy Yiuf


Innate Abilities, Weirdness & Mutations

You have a pair of horns on your head.
You reflexively headbutt those who attack you in melee.


Message History

The wight hits you from afar with a +0 spear.
You shoot a sling bullet.
The sling bullet hits the wight but does no damage.
Lightning courses through the wight!
You destroy the wight!
The wight hits you from afar with a +0 spear!
The wight hits you from afar with a +0 spear.
You feel drained.
The wight hits you with a +3 battleaxe of freezing!
The wight freezes you.
Your life force feels restored.
The wight attacks as you move away! The wight closely misses you.
As you read the scroll of teleportation, it crumbles to dust.
You feel strangely unstable. The wight closely misses you.
You furiously retaliate!
You headbutt the wight. The wight closely misses you. x2
You furiously retaliate!
You headbutt the wight! The wight attacks as you move away!
The wight hits you but does no damage. The wight attacks as you move away!
The wight hits you but does no damage.
Your surroundings seem slightly different.
Found a sparkling altar of Nemelex Xobeh.
Okay, then.
You feel much better.
Aiming: Paralyse
Press: ? - help, Shift-Dir - straight line, f - wight
Aim: a wight, wielding a +3 battleaxe of freezing and wearing a +0 robe (lightly damaged, chance to affect: 49%)
The wight suddenly stops moving!
The wight attacks as you move away!
The wight hits you with a +4 morningstar of freezing!
You feel drained. The wight freezes you.
As you read the scroll of teleportation, it crumbles to dust.
You feel strangely unstable.
The wight hits you with a +4 morningstar of freezing!
* * * LOW HITPOINT WARNING * * *
You feel drained.
* * * LOW HITPOINT WARNING * * *
The wight freezes you!
* * * LOW HITPOINT WARNING * * *
The wight attacks as you move away!
The wight hits you with a +4 morningstar of freezing!
You die...

*,,**,*,,,* *,*,,,,,,,,, ######
*,*,****,,* *,*,*,,,,,,,
.....###**,* *,,,*** *,*,,,,,,,,,
####...#*,** **,,,,***,,,,,,****,
..#..#.#**,♣###**,,,*****,*,*<,,,
.....#.#####P.#*,,,,# **,,*,*****
#..###.....#.P#**#♣.♣#*,,**,,,,,,
#..#######....###....#*,*********
.....#####.....z@.#,,,,,*
#.##.....#....z.#...#****
..######......z.#####******* #.#
####)......# *,,,,,,,* #.#
#....#..##.#**,*****,*
#.#***#......##,..#*,*** *,*
...,,*#....###,,...#*,,* *,*
...,,*#..).#*,,,....#,,***,*
,,,,,*#......,,,_.....,*,,,*


You could see 3 wights.

Vanquished Creatures
  Grinder (D:3)
  A black bear (D:4)
  An orc warrior (D:6)
  A necrophage (D:3)
  A scorpion (D:4)
  A wight (D:6)
  Jessica (D:3)
  An iguana (D:4)
  2 orc wizards
  8 adders
  2 worms
  3 dart slugs (D:1)
  12 orcs
  7 endoplasms
  5 giant cockroaches
  A goblin (D:1)
  7 hobgoblins
  4 quokkas
  8 ball pythons
  5 bats
  2 frilled lizards
  7 kobolds
  3 rats
84 creatures vanquished.

Vanquished Creatures (others)
  60 plants
60 creatures vanquished.

Grand Total: 144 creatures vanquished

Notes
Turn   | Place    | Note
-------+----------+-------------------------------------------
     0 | D:1      | garrulousMonolith the Minotaur Hunter began the quest for
                  | the Orb.
     0 | D:1      | Reached XP level 1. HP: 18/18 MP: 0/0
   211 | D:1      | Reached skill level 1 in Stealth
   231 | D:1      | Reached XP level 2. HP: 20/25 MP: 1/1
   628 | D:1      | Reached XP level 3. HP: 31/31 MP: 2/2
  1619 | D:3      | Noticed Grinder
  1667 | D:3      | Reached XP level 4. HP: 38/38 MP: 3/3
  1676 | D:3      | Reached skill level 5 in Ranged Weapons
  1864 | D:3      | Found a blossoming altar of Fedhas.
  1890 | D:3      | Found a runed translucent door.
  1891 | D:3      | Noticed Crazy Yiuf
  1986 | D:3      | Noticed a necrophage
  1990 | D:3      | Killed a necrophage
  1991 | D:3      | Reached XP level 5. HP: 41/46 MP: 4/4
  2055 | D:3      | Found a faded altar of an unknown god.
  2159 | D:3      | Paralysed by Grinder for 4 turns
  2181 | D:3      | Paralysed by Grinder for 3 turns
  2185 | D:3      | Killed Grinder
  2186 | D:3      | Reached XP level 6. HP: 17/53 MP: 5/5
  2453 | D:3      | Noticed Jessica
  2456 | D:3      | Killed Jessica
  3059 | D:4      | Found a sacrificial altar of Ru.
  3065 | D:4      | Reached skill level 6 in Ranged Weapons
  3068 | D:4      | Reached XP level 7. HP: 60/60 MP: 6/6
  3096 | D:4      | Reached skill level 5 in Fighting
  4031 | D:5      | Entered Level 5 of the Dungeon
  4222 | D:6      | Reached skill level 1 in Armour
  4439 | D:6      | Found a sparkling altar of Nemelex Xobeh.
  4444 | D:6      | Slain by a wight

Illustrated notes

Levels and vault maps discovered:
D:1:      saegor_arrival_simple_d, layout_loops_corners, serial_forest,
          infiniplex_forest_lined_2, infiniplex_forest_end_1,
          infiniplex_forest_zigzag_1, infiniplex_forest_clump_small,
          infiniplex_forest_lined_room_3, infiniplex_forest_end_2,
          infiniplex_forest_clump_C, st_stairs_5, serial_bayou_pond_a,
          nicolae_figureground_sparkle
D:2:      layout_rooms, interstate_on_off
D:3:      wad_pebble_path, layout_basic, lemuel_round_altar,
          shapermc_ecumenical_altar_totnotflames, uniq_jessica, uniq_grinder,
          uniq_crazy_yiuf_cottage
D:4:      layout_layer_cave, nicolae_ru_great_annihilating_truth
D:5:      layout_basic
D:6:      kennysheep_kobold_camp, layout_basic, lemuel_round_altar,
          gammafunk_temple_overflow_statue, uniq_duvessa

Skill      XL: |  1  2  3  4  5  6  7 |
---------------+----------------------+-----
Stealth        | 1 2 3 |  3.7
Fighting       | 3 4 5 |  5.4
Dodging        | 3 4 |  4.9
Ranged Weapons | 5 6 |  6.5
Armour         | 1 |  1.3

Action                   |  1- 3 |  4- 6 |  7- 9 || total
-------------------------+-------+-------+-------++-------
Melee: Spear             |       |    10 |       ||    10
 Fire: Shortbow          |    23 |       |       ||    23
       Sling             |    59 |    68 |    54 ||   181
Evoke: Wand              |       |       |     1 ||     1
  Use: Scroll            |     1 |     8 |     5 ||    14
       Potion            |       |     2 |     1 ||     3
Armor: Leather armour    |     3 |       |       ||     3
       Ring mail         |       |     2 |       ||     2
       Skin              |       |    17 |       ||    17
       Scale mail        |       |     1 |    15 ||    16
       Chain mail        |       |       |     3 ||     3
Dodge: Dodged            |    18 |     8 |    16 ||    42

Table legend: (Time is in decaauts)
 A = Elapsed time spent in this place.
 B = Non-inter-level travel time spent in this place.
 C = Inter-level travel time spent in this place.
 D = Time resting spent in this place.
 E = Time spent auto-exploring this place.
 F = Levels seen in this place.
 G = Mean time per level.
                   A        B        C        D        E       F      G
               +--------+--------+--------+--------+--------+-----+--------+
         Total |   4485 |   4319 |    166 |    435 |   3233 |   6 |  747.5 |
       Dungeon |   4485 |   4319 |    166 |    435 |   3233 |   6 |  747.5 |
               +--------+--------+--------+--------+--------+-----+--------+

Top non-repeatable levels by time:
     D:4: 1424 daAuts
     D:1: 1082 daAuts
     D:3: 993 daAuts
     D:2: 560 daAuts
     D:6: 302 daAuts
     D:5: 123 daAuts
